 Dungeon Crawl Stone Soup version 0.30.1-11-g7821555f0a (webtiles) character file.

Game seed: 9332267033331152523

69 Chiseanne the Trooper (level 4, 32/37 HPs)
             Began as a Demonspawn Wanderer on Nov 28, 2023.
             Quit the game on level 2 of the Dungeon.
             The game lasted 00:02:18 (1334 turns).

Chiseanne the Trooper (Demonspawn Wanderer)         Turns: 1334, Time: 00:02:19

Health: 32/37      AC:  6    Str: 11    XL:     4   Next: 2%
Magic:  5/5        EV: 11    Int: 11    God:
Gold:   70         SH:  5    Dex: 18    Spells: 5/5 levels left

rFire   . . .        a - +2 war axe
rCold   . . .        e - +1 buckler
rNeg    . . .        f - +0 ring mail
rPois   .            (helmet restricted)
rElec   .            c - +0 cloak
rCorr   .            (no gloves)
SInv    .            (no boots)
Will    .....        (no amulet)
Stlth   +            (no ring)
HPRegen 0.26/turn    (no ring)
MPRegen 0.18/turn

%: no passive effects
@: no status effects
A: antennae 1, magic regeneration
a: no special abilities


You were on level 2 of the Dungeon.
You visited 1 branch of the dungeon, and saw 2 of its levels.

You collected 70 gold pieces.

Inventory:

Hand Weapons
 a - a +2 war axe (weapon)
Missiles
 b - 13 stones (quivered)
 j - 3 boomerangs
Armour
 c - a +0 cloak (worn)
 e - a +1 buckler (worn)
 f - a +0 ring mail (worn)
Scrolls
 d - 3 scrolls of fear
 k - a scroll of teleportation {unknown}
Potions
 g - 2 potions of curing
 h - 6 potions of heal wounds {unknown}
 i - a potion of mutation {unknown}
 l - a potion of degeneration {unknown}
 m - a potion of attraction {unknown}


   Skills:
 * Level 3.7 Fighting
 - Level 1.0 Long Blades
 - Level 2.6 Polearms
 - Level 1.0 Armour
 - Level 3.6 Dodging
 - Level 1.0 Spellcasting


You had 5 spell levels left.
You didn't know any spells.
Your spell library contained the following spells:

 Spells                   Type           Power      Damage    Failure   Level
 Sublimation of Blood     Necr           0%         N/A       86%         2
 Petrify                  Tmut/Erth      0%         N/A       100%        4
 Irradiate                Conj/Tmut      0%         3d11      100%        5


Dungeon Overview and Level Annotations

Branches:
Dungeon (2/15)

Altars:


Innate Abilities, Weirdness & Mutations

You have a pair of small antennae on your head.
You regenerate magic rapidly.


Message History

No target in view!
No target in view!
No target in view!
No target in view!
No target in view!
No target in view!
No target in view!
No target in view!
A worm and a hobgoblin come into view.
The hobgoblin shouts!
The hobgoblin moves out of view.
You see here a hobgoblin corpse.
You completely miss the worm. The worm completely misses you.
You slash the worm!
The worm is heavily wounded.
You hit the worm.
The worm is severely wounded.
You hit the hobgoblin. The worm bites you. You block the hobgoblin's attack.
You barely miss the hobgoblin.
The hobgoblin is severely wounded.
You hit the worm. The hobgoblin closely misses you.
You block the worm's attack. The hobgoblin completely misses you.
You barely miss the worm.
The worm is almost dead.
You hit the hobgoblin but do no damage. The hobgoblin barely misses you.
You block the worm's attack.
You slash the worm!
You kill the worm!
You hit the hobgoblin.
You kill the hobgoblin!
You have reached level 4!
You feel clever.
Your demonic ancestry asserts itself...
A pair of antennae grows on your head!
Are you sure you want to abandon this character and quit the game? (Confirm with "yes".)
Okay, then.
Unknown command.
Unknown command.
Unknown command.
Unknown command.
Are you sure you want to abandon this character and quit the game? (Confirm with "yes".)

♣♣.♣♣♣♣.♣♣♣♣
♣††♣♣...♣
♣♣....♣♣♣ ♣♣♣.♣♣
♣♣♣♣ ♣.♣♣♣ ♣...♣♣
♣ ♣♣..♣ .....♣ ♣♣
♣♣.♣ ♣♣♣.....♣
.♣♣♣♣ ♣♣.♣
♣.†[...♣
....♣♣♣♣.♣♣ ♣@♣
♣♣♣.....♣♣ ♣♣.♣
♣...♣♣♣♣ ♣♣♣.♣♣
♣♣...♣♣ ♣♣♣..♣♣
######## ......♣
♣♣♣..♣♣♣
##......#
♣♣♣♣).♣♣♣..♣♣♣
#.#####.#
♣♣....♣♣♣ #.# #.#
♣♣♣♣♣♣ #######.#
#.#
#.......#####.###


There were no monsters in sight!

Vanquished Creatures
  An adder (D:2)
  3 worms (D:2)
  3 dart slugs (D:1)
  2 bats
  An endoplasm (D:1)
  3 giant cockroaches (D:2)
  3 goblins
  4 hobgoblins
  4 jackals (D:2)
  4 kobolds
  2 quokkas (D:2)
  3 ball pythons
  4 frilled lizards
  7 rats
44 creatures vanquished.

Notes
Turn   | Place    | Note
-------+----------+-------------------------------------------
     0 | D:1      | Chiseanne the Demonspawn Wanderer began the quest for the
                  | Orb.
     0 | D:1      | Chiseanne set off with the following items: a +2 spear, a
                  | +0 falchion, a +0 cloak, a scroll of fear, a +0 robe.
     0 | D:1      | Reached XP level 1. HP: 13/13 MP: 2/2
    66 | D:1      | Reached skill level 1 in Fighting
   201 | D:1      | Gained mutation: You regenerate magic rapidly. [demonic
                  | ancestry]
   201 | D:1      | Reached XP level 2. HP: 22/22 MP: 3/3
   780 | D:2      | Reached XP level 3. HP: 28/28 MP: 4/4
  1334 | D:2      | Gained mutation: You have a pair of small antennae on your
                  | head. [demonic ancestry]
  1334 | D:2      | Reached XP level 4. HP: 32/37 MP: 5/5
  1334 | D:2      | Quit the game

Illustrated notes

Levels and vault maps discovered:
D:1:      psy_arrival_conway, layout_basic
D:2:      kb_forest_paths, layout_loops_corners, uniq_crazy_yiuf_cottage,
          uniq_sigmund

Skill      XL: |  1  2  3 |
---------------+----------+-----
Fighting       | 1 2 3 |  3.7
Long Blades    | |  1.0
Polearms       | |  2.6
Armour         | |  1.0
Dodging        | |  3.6
Spellcasting   | |  1.0

Action                     |  1- 3 |  4- 6 || total
---------------------------+-------+-------++-------
  Melee: Spear             |    39 |       ||    39
         Punch             |     1 |       ||     1
         War axe           |    70 |       ||    70
    Use: Scroll            |     4 |       ||     4
   Stab: Sleeping          |     2 |       ||     2
 Armour: Ring mail         |    36 |       ||    36
  Dodge: Dodged            |    51 |       ||    51
  Block: Buckler           |    20 |       ||    20
